 Dungeon Crawl Stone Soup version 0.21.1-1-g345015f (webtiles) character file.

47 Wander the Cudgeler (level 3, 0/29 HPs)
             Began as a Human Wanderer on Mar 9, 2018.
             Succumbed to an adder's poison
             ... on level 2 of the Dungeon.
             The game lasted 00:03:00 (1215 turns).

Wander the Cudgeler (Human Wanderer)                Turns: 1215, Time: 00:03:00

Health: 0/29       AC:  9    Str: 16    XL:     3   Next: 97%
Magic:  4/4        EV:  6    Int: 10    God:
Gold:   44         SH:  0    Dex: 11    Spells: 4/4 levels left

rFire    + . .     SeeInvis .   a - +2 mace
rCold    . . .     Gourm    .   (no shield)
rNeg     . . .     Faith    .   n - +1 chain mail {rF+}
rPois    .         Spirit   .   (no helmet)
rElec    .         Reflect  .   (no cloak)
rCorr    .         Harm     .   (no gloves)
MR       .....                  (no boots)
Stlth    ..........             (no amulet)
HPRegen  0.09/turn              (no ring)
MPRegen  0.09/turn              (no ring)

@: lethally poisoned (0 -> -10), flying, very slightly contaminated, invisible
A: camouflage 1
a: no special abilities


You were on level 2 of the Dungeon.
You were not hungry.

You visited 1 branch of the dungeon, and saw 2 of its levels.

You collected 44 gold pieces.

Inventory:

Hand Weapons
 a - a +2 mace (weapon)
Armour
 n - a +1 chain mail of fire resistance (worn)
Jewellery
 k - a +2 ring of protection {unknown}
Scrolls
 e - a scroll of enchant armour {unknown}
 f - a scroll of noise {unknown}
 i - 3 scrolls of identify {unknown}
 j - a scroll of remove curse {unknown}
 l - 2 scrolls of magic mapping {unknown}
 o - a scroll of immolation {unknown}
Potions
 c - a potion of lignification
 h - a potion of magic
Comestibles
 d - 2 rations


   Skills:
 - Level 3.0 Fighting
 + Level 3.4 Maces & Flails
 - Level 1.0 Armour
   Level 1.0 Shields
 - Level 1.0 Spellcasting
   Level 1.0 Summonings
   Level 1.0 Air Magic
   Level 1.0 Evocations


You had 4 spell levels left.
You didn't know any spells.

Dungeon Overview and Level Annotations

Branches:
Dungeon (2/15)

Altars:


Innate Abilities, Weirdness & Mutations

Your skin changes colour to match your surroundings (Stealth+).


Message History

You hit the adder.
You kill the adder!
* * * LOW HITPOINT WARNING * * *
You feel sick.
Okay, then.
It was a potion of magic.
Magic courses through your body.
* * * LOW HITPOINT WARNING * * *
You feel sick.
It was a potion of mutation.
You feel extremely strange.
Your connection to magic feels subdued.
Your magic regains its normal vibrancy.
Your skin functions as natural camouflage.
It was a potion of invisibility.
You fade into invisibility!
* * * LOW HITPOINT WARNING * * *
You feel sick.
You are very lightly contaminated with residual magic.
It was a potion of flight.
You feel very buoyant.
You fly up into the air.
You die...

##.###.##.... #.####.## ##(#..##
#.##...# #....†# #.##.#.##
##.#.#.. #.##.##.###.#.###. #.#
#.##.###.....## ## #.# #$##.#
####.## # #.# #.##.# ###.## ##
#.# #########@##.# #....###. #.#
#.........##.# #.###.#.# #.#
###.##########.# #.# ##..# #.#
#....>....# #.# #.# ##.#
#.###.#.#####.# #.#####.#####.#
#.......).# #.# #.............#
#####.#.#.###.##########.#######
#.#...........# ##...##
#.###.###.###.# ##.###.##


There were no monsters in sight!

Vanquished Creatures
  A gnoll (D:1)
  An adder (D:2)
  A worm (D:2)
  2 bats (D:2)
  3 giant cockroaches
  A goblin (D:1)
  2 hobgoblins (D:2)
  3 jackals (D:1)
  3 kobolds
  3 frilled lizards (D:2)
  4 rats (D:2)
24 creatures vanquished.

Notes
Turn   | Place    | Note
-------+----------+-------------------------------------------
     0 | D:1      | Wander the Human Wanderer began the quest for the Orb.
     0 | D:1      | Wander set off with: a +2 mace, a +0 ring mail, a potion of lignification, a ration
     0 | D:1      | Reached XP level 1. HP: 18/18 MP: 2/2
   163 | D:1      | Reached XP level 2. HP: 10/24 MP: 3/3
   461 | D:1      | Reached XP level 3. HP: 29/29 MP: 4/4
  1213 | D:2      | Gained mutation: Your spells are a little easier to cast, but a little less powerful. [potion of mutation]
  1213 | D:2      | Lost mutation: Your spells are a little easier to cast, but a little less powerful. [potion of mutation]
  1213 | D:2      | Gained mutation: Your skin changes colour to match your surroundings (Stealth+). [potion of mutation]
  1214 | D:2      | HP: 1/29 [poisoned by an adder]
  1215 | D:2      | Succumbed to an adder's poison

Skill      XL: |  1  2  3 |
---------------+----------+-----
Maces & Flails | 2 3 |  3.4
Fighting       | |  3.0
Armour         | |  1.0
Shields        | |  1.0
Spellcasting   | |  1.0
Summonings     | |  1.0
Air Magic      | |  1.0
Evocations     | |  1.0

Action                   || total
-------------------------++-------
Melee: Mace              ||    91
  Use: Potion            ||     4
  Eat: Chunk             ||     1
Armor: Ring mail         ||    12
       Chain mail        ||    45
Dodge: Dodged            ||    40
